 Dungeon Crawl Stone Soup version 0.31-a0-348-g810772c3d7 (webtiles) character file.

Game seed: 1351323990714424373

79 AdnanSaban the Covered (level 4, 0/29 HPs)
             Began as a Gargoyle Fighter on July 23, 2023.
             Slain by a goblin
             ... wielding a +2 dagger of freezing
             ... led by Robin
              (4 damage)
             ... on level 2 of the Dungeon.
             The game lasted 00:01:14 (692 turns).

AdnanSaban the Covered (Gargoyle Fighter)            Turns: 692, Time: 00:01:15

Health: 0/29       AC: 10    Str: 21    XL:     4   Next: 38%
Magic:  4/4        EV:  9    Int:  9    God:
Gold:   102        SH:  9    Dex:  9    Spells: 3/3 levels left

rFire   . . .        a - +0 flail
rCold   . . .        c - +0 buckler
rNeg    + . .        b - +0 scale mail
rPois   ∞            (no helmet)
rElec   +            (no cloak)
rCorr   .            (no gloves)
SInv    .            (no boots)
Will    .....        g - amulet of reflection Stlth
                     (no ring)
HPRegen 0.24/turn    (no ring)
MPRegen 0.09/turn

%: reflection
@: no status effects
A: sickness immunity, AC +3, negative energy resistance 1, electricity
resistance, torment resistance 1, petrification resistance
a: no special abilities


You were on level 2 of the Dungeon.
You visited 1 branch of the dungeon, and saw 2 of its levels.

You collected 102 gold pieces.

Inventory:

Hand Weapons
 a - a +0 flail (weapon)
Armour
 b - a +0 scale mail (worn)
 c - a +0 buckler (worn)
Jewellery
 g - an amulet of reflection (around neck)
 i - an amulet of magic regeneration
 j - a ring of ice
Scrolls
 e - a scroll of fear {unknown}
 h - a scroll of identify {unknown}
Potions
 d - a potion of might
 f - a potion of brilliance {unknown}


   Skills:
 + Level 3.7 Fighting
 + Level 3.1 Maces & Flails
 + Level 4.0 Armour
 + Level 0.5 Dodging
 + Level 3.6 Shields


You had 3 spell levels left.
You didn't know any spells.
Your spell library was empty.

Dungeon Overview and Level Annotations

Branches:
Dungeon (2/15)

Altars:

Annotations:
D:2 Robin


Innate Abilities, Weirdness & Mutations

You are immune to sickness and miasma.
Your stone body is resilient. (AC +3)
You are immune to poison.
You resist negative energy. (rN+)
You are resistant to electric shocks. (rElec)
You are resistant to unholy torment.
You are immune to petrification.


Message History

You sense an unholy aura.
The goblin hits you with a +2 dagger of draining.
The rat attacks as you move away! The rat bites you but does no damage.
You see here 19 gold pieces.
The rat attacks as you move away! You block the rat's attack.
You barely miss the rat. The rat bites you. Robin throws the goblin at you!
The rat bites you but does no damage. You block the goblin's attack.
You hit the rat.
You kill the rat!
The goblin closely misses you. Robin throws the goblin at you!
You closely miss the goblin.
The goblin no longer looks unusually strong.
The hobgoblin no longer looks unusually strong.
The goblin hits you but does no damage. You block the goblin's attack.
The goblin hits you with a +2 dagger of freezing.
The goblin freezes you. The goblin hits you but does no damage.
You closely miss the goblin. The goblin barely misses you.
The goblin hits you but does no damage. x2
You closely miss the goblin.
The goblin no longer looks unusually strong. x2
You block the goblin's attack.
The goblin hits you with a +2 dagger of freezing.
* * * LOW HITPOINT WARNING * * *
The goblin freezes you.
* * * LOW HITPOINT WARNING * * *
You block the goblin's attack. The goblin barely misses you.
The goblin hits you with a +0 dagger.
* * * LOW HITPOINT WARNING * * *
Robin roars a battlecry!
The goblins go into a battle-frenzy!
You closely miss the goblin. You block the goblin's attack.
The goblin hits you but does no damage. You block the goblin's attack.
You closely miss the goblin.
The goblin no longer looks unusually strong.
The goblin hits you but does no damage. The goblin closely misses you.
You block the goblin's attack. The goblin barely misses you.
You hit the goblin.
You kill the goblin!
The goblin hits you with a +2 dagger of freezing.
You die...

#....### ####### ##...
......# .... #####.#
...#### ..#.. .... .#
#######.... ......
###.# ......)g#.#
...... ....## #@#.#
...... ......
#g#.##...... ......
#g#......>.. #.....
########g#gg.......
##....
#......gg#))....... #
....
#.#.....gg)g....... #
....
#.#.##......g...... #
....#.#.##.....##......
+ ..##.#.##.....#
.<....


You could see Robin, 2 hobgoblins and 5 goblins.

Vanquished Creatures
  Terence (D:2)
  A gnoll (D:1)
  A dart slug (D:1)
  3 bats (D:1)
  7 endoplasms (D:1)
  A giant cockroach (D:1)
  10 goblins
  2 hobgoblins (D:1)
  A quokka (D:1)
  5 ball pythons (D:1)
  A frilled lizard (D:1)
  4 rats
37 creatures vanquished.

Notes
Turn   | Place    | Note
-------+----------+-------------------------------------------
     0 | D:1      | AdnanSaban the Gargoyle Fighter began the quest for the
                  | Orb.
     0 | D:1      | Reached XP level 1. HP: 14/14 MP: 1/1
    34 | D:1      | Reached XP level 2. HP: 19/19 MP: 2/2
   128 | D:1      | Reached XP level 3. HP: 23/23 MP: 3/3
   232 | D:1      | Found a faded altar of an unknown god.
   552 | D:2      | Noticed Terence
   564 | D:2      | Killed Terence
   565 | D:2      | Reached XP level 4. HP: 10/29 MP: 4/4
   669 | D:2      | Noticed Robin
   673 | D:2      | Reached skill level 4 in Armour
   692 | D:2      | Slain by a goblin

Illustrated notes

Levels and vault maps discovered:
D:1:      wander_arrival_desolate, layout_basic,
          hellmonk_ecumenical_altar_heavens_door, item_on_display_a
D:2:      layout_basic, uniq_terence, uniq_robin, uniq_crazy_yiuf_cottage

Skill      XL: |  1  2  3  4 |
---------------+-------------+-----
Maces & Flails | 3 |  3.1
Armour         | 4 |  4.0
Fighting       | |  3.7
Dodging        | |  0.5
Shields        | |  3.6

Action                     |  1- 3 |  4- 6 || total
---------------------------+-------+-------++-------
  Melee: Flail             |   104 |    15 ||   119
 Armour: Scale mail        |    52 |    26 ||    78
  Dodge: Dodged            |    60 |    14 ||    74
  Block: Buckler           |    26 |    21 ||    47

Table legend: (Time is in decaauts)
 A = Elapsed time spent in this place.
 B = Non-inter-level travel time spent in this place.
 C = Inter-level travel time spent in this place.
 D = Time resting spent in this place.
 E = Time spent auto-exploring this place.
 F = Levels seen in this place.
 G = Mean time per level.
                   A        B        C        D        E       F      G
               +--------+--------+--------+--------+--------+-----+--------+
         Total |    729 |    711 |     18 |      0 |    448 |   2 |  364.5 |
       Dungeon |    729 |    711 |     18 |      0 |    448 |   2 |  364.5 |
               +--------+--------+--------+--------+--------+-----+--------+

Top non-repeatable levels by time:
     D:1: 509 daAuts
     D:2: 219 daAuts
